 Dungeon Crawl Stone Soup version 0.29-a0-1006-g0dd7720b37 (webtiles) character file.

Game seed: 6475021638894763389

219 gelatine the Magician (level 5, 0/36 HPs)
             Began as a Demonspawn Hedge Wizard on Aug 7, 2022.
             Slain by a scorpion (6 damage)
             ... on level 4 of the Dungeon.
             The game lasted 00:08:44 (5221 turns).

gelatine the Magician (Demonspawn Hedge Wizard)     Turns: 5221, Time: 00:08:45

Health: 0/36       AC:  3    Str: 11    XL:     5   Next: 63%
Magic:  4/11       EV: 12    Int: 17    God:
Gold:   194        SH:  0    Dex: 12    Spells: 8/13 levels left

rFire   . . .      SeeInvis .   a - +0 dagger
rCold   . . .      Faith    .   (no shield)
rNeg    . . .      Spirit   .   b - +0 robe
rPois   .          Reflect  .   c - +0 hat
rElec   .          Harm     .   (no cloak)
rCorr   .          Rampage  .   h - +0 pair of gloves
Will    .....                   (no boots)
Stlth   ++........              (no amulet)
HPRegen 0.12/turn               (no ring)
MPRegen 0.12/turn               (no ring)

@: no status effects
A: demonic touch 2
a: no special abilities


You were on level 4 of the Dungeon.
You visited 1 branch of the dungeon, and saw 4 of its levels.

You collected 194 gold pieces.

Inventory:

Hand Weapons
 a - a +0 dagger (weapon)
Missiles
 j - 7 poisoned darts
 k - 2 throwing nets
 q - 3 boomerangs
Armour
 b - a +0 robe (worn)
 c - a +0 hat (worn)
 h - a +0 pair of gloves (worn)
Scrolls
 f - 2 scrolls of amnesia {unknown}
 i - 7 scrolls of identify {unknown}
 n - a scroll of fog {unknown}
 o - a scroll of summoning {unknown}
 r - a scroll of enchant armour {unknown}
 t - a scroll of poison {unknown}
 v - a scroll of fear {unknown}
 w - a scroll of enchant weapon {unknown}
Potions
 d - a potion of magic
 e - 2 potions of curing
 g - a potion of cancellation {unknown}
 l - a potion of flight {unknown}
 m - a potion of ambrosia {unknown}
 p - a potion of mutation {unknown}
 s - a potion of haste
 u - a potion of lignification {unknown}


   Skills:
 + Level 0.4 Fighting
 + Level 0.4 Short Blades
 + Level 2.2 Dodging
 + Level 2.6 Stealth
 + Level 4.6 Spellcasting
 + Level 2.6 Conjurations
 + Level 1.4 Summonings
 + Level 1.0 Translocations


You had 8 spell levels left.
You knew the following spells:

 Your Spells              Type           Power      Damage    Failure   Level
a - Magic Dart            Conj           52%        1d5       4%          1
b - Call Imp              Summ           8%         N/A       13%         2
c - Blink                 Tloc           14%        N/A       16%         2

Your spell library contained the following spells:

 Spells                   Type           Power      Damage    Failure   Level
 Slow                     Hex            12%        N/A       16%         1
 Ensorcelled Hibernation  Hex/Ice        6%         N/A       22%         2
 Passwall                 Tmut/Erth      2%         N/A       22%         2
 Conjure Flame            Conj/Fire      8%         6-21      26%         3
 Mephitic Cloud           Conj/Pois/Air  6%         N/A       30%         3
 Swiftness                Air            3%         N/A       41%         3


Dungeon Overview and Level Annotations

Branches:
Dungeon (4/15)
 Temple: D:4-7

Altars:


Innate Abilities, Weirdness & Mutations

Your touch may inflict irresistible damage on your foes.


Message History

The scorpion closely misses you.
You closely miss the scorpion. Your touch misses the scorpion.
You punch the scorpion, but do no damage.
The scorpion is moderately wounded.
You feel sick. The scorpion closely misses you.
You hit the scorpion.
You punch the scorpion, but do no damage.
The scorpion is moderately wounded.
You feel sick. The scorpion barely misses you.
You closely miss the scorpion.
The scorpion is moderately wounded.
You feel sick. The scorpion closely misses you.
You hit the scorpion.
The scorpion is heavily wounded.
You feel sick. The scorpion barely misses you. The scorpion stings you.
You hit the scorpion.
The scorpion is heavily wounded.
You feel sick. The scorpion barely misses you.
You barely miss the scorpion.
The scorpion is heavily wounded.
You feel sick. The scorpion stings you!
* * * LOW HITPOINT WARNING * * *
It was a potion of curing.
You feel better. The scorpion stings you!
* * * LOW HITPOINT WARNING * * *
Okay, then.
Casting: Magic Dart (safe; 4% risk of failure)
Confirm with . or Enter, or press ? or * to list all spells.
A beastly little devil appears in a puff of flame.
The scorpion stings you but does no damage.
Casting: Call Imp (safe; 13% risk of failure)
Confirm with . or Enter, or press ? or * to list all spells.
You blink.
You feel stable enough to blink again.
You open the door.
There is an open door here.
A kobold comes into view. It is wielding a +0 short sword.
The kobold shouts!
The scorpion attacks as you move away! The scorpion closely misses you.
The scorpion stings you.
You die...

...#................
...#...........$........
##.#........####........
. .#........# ........ .
.#........#### ...K...
#...........# .....
..........##.# ...#
..........##'##...#
.#......###..s@#
.......+ +....# ##.....
#...... ..##..
..........
.....##....... ......
#....... ...... ########
......


You could see a scorpion and a kobold.

Vanquished Creatures
  A jelly (D:4)
  Natasha (thrice) (D:3)
  3 adders
  A worm (D:3)
  A dart slug (D:2)
  7 ball pythons
  9 bats
  6 endoplasms
  A giant cockroach (D:4)
  3 goblins
  6 hobgoblins
  2 jackals (D:1)
  7 kobolds
  4 quokkas
  5 frilled lizards
  7 rats
66 creatures vanquished.

Vanquished Creatures (collateral kills)
  An adder (D:3)
  A hobgoblin (D:3)
  3 jackals (D:3)
5 creatures vanquished.

Grand Total: 71 creatures vanquished

Notes
Turn   | Place    | Note
-------+----------+-------------------------------------------
     0 | D:1      | gelatine the Demonspawn Hedge Wizard began the quest for
                  | the Orb.
     0 | D:1      | Reached XP level 1. HP: 13/13 MP: 4/4
   513 | D:1      | Gained mutation: Your touch may inflict minor irresistible
                  | damage on your foes. [demonic ancestry]
   513 | D:1      | Reached XP level 2. HP: 19/19 MP: 3/6
  1444 | D:2      | Reached XP level 3. HP: 24/24 MP: 2/8
  1520 | D:2      | Found a faded altar of an unknown god.
  2693 | D:2      | Reached skill level 4 in Spellcasting
  2742 | D:3      | Learned a level 2 spell: Call Imp
  2745 | D:3      | Learned a level 2 spell: Blink
  3232 | D:3      | Reached XP level 4. HP: 28/30 MP: 7/10
  3764 | D:3      | Noticed Natasha
  4154 | D:3      | Killed Natasha
  4515 | D:3      | Noticed Natasha
  4522 | D:3      | Killed Natasha
  4523 | D:3      | Gained mutation: Your touch may inflict irresistible damage
                  | on your foes. [demonic ancestry]
  4523 | D:3      | Reached XP level 5. HP: 21/35 MP: 11/11
  4843 | D:3      | Noticed Natasha
  4862 | D:3      | Killed Natasha
  4957 | D:4      | Reached skill level 1 in Translocations
  5021 | D:4      | Found Geckuen's Armour Emporium.
  5221 | D:4      | Slain by a scorpion

Illustrated notes

Levels and vault maps discovered:
D:1:      dpeg_arrival_water_temple_mockup, layout_basic, chequers_jeans
D:2:      layout_basic, shapermc_ecumenical_altar_mp_highgroup,
          minmay_misc_feat_tower, kennysheep_generic_room_15
D:3:      layout_loops_corners, uniq_natasha
D:4:      layout_basic, serial_shops, nicolae_stop_n_shop_2, shop, shop,
          minmay_misc_feat_encased, kennysheep_small_spiral

Skill      XL: |  1  2  3  4  5 |
---------------+----------------+-----
Dodging        | 2 |  2.2
Conjurations   | 2 |  2.6
Spellcasting   | 4 |  4.6
Stealth        | 2 |  2.6
Translocations | 1 |  1.0
Fighting       | |  0.4
Short Blades   | |  0.4
Summonings     | |  1.4

Action                   |  1- 3 |  4- 6 || total
-------------------------+-------+-------++-------
Melee: Dagger            |    41 |    41 ||    82
       Touch             |     5 |     5 ||    10
       Punch             |       |     3 ||     3
 Cast: Magic Dart        |   118 |    57 ||   175
       Call Imp          |     4 |     5 ||     9
       Blink             |     1 |     2 ||     3
  Use: Potion            |       |     1 ||     1
Armor: Robe              |    20 |     6 ||    26
Dodge: Dodged            |    31 |    32 ||    63

Table legend: (Time is in decaauts)
 A = Elapsed time spent in this place.
 B = Non-inter-level travel time spent in this place.
 C = Inter-level travel time spent in this place.
 D = Time resting spent in this place.
 E = Time spent auto-exploring this place.
 F = Levels seen in this place.
 G = Mean time per level.
                   A        B        C        D        E       F      G
               +--------+--------+--------+--------+--------+-----+--------+
         Total |   5231 |   5186 |     45 |    424 |   3829 |   4 | 1307.8 |
       Dungeon |   5231 |   5186 |     45 |    424 |   3829 |   4 | 1307.8 |
               +--------+--------+--------+--------+--------+-----+--------+

Top non-repeatable levels by time:
     D:3: 1853 daAuts
     D:2: 1638 daAuts
     D:1: 1439 daAuts
     D:4: 300 daAuts
